 Dungeon Crawl Stone Soup version 0.31-a0-7-g51783674b7 (webtiles) character file.

Game seed: 17108924382128671502

72 Dittersdorf the Shield-Bearer (level 4, -3/29 HPs)
             Began as a Gargoyle Fighter on May 5, 2023.
             Slain by Ijyb
             ... wielding a +0 club
              (4 damage)
             ... on level 3 of the Dungeon.
             The game lasted 00:01:43 (1810 turns).

Dittersdorf the Shield-Bearer (Gargoyle Fighter)    Turns: 1810, Time: 00:01:44

Health: -3/29      AC: 11    Str: 22    XL:     4   Next: 26%
Magic:  4/4        EV:  9    Int:  8    God:
Gold:   152        SH:  4    Dex:  9    Spells: 3/3 levels left

rFire   . . .        a - +0 flail
rCold   . . .        c - +0 buckler
rNeg    + . .        b - +0 scale mail
rPois   ∞            (no helmet)
rElec   +            r - +0 cloak
rCorr   +            (no gloves)
SInv    .            (no boots)
Will    .....        (no amulet) Stlth
                     h - ring of resist corrosion
HPRegen 0.24/turn    o - ring of wizardry
MPRegen 0.09/turn

%: wizardry (x1)
@: no status effects
A: sickness immunity, AC +3, negative energy resistance 1, electricity
resistance, torment resistance 1, petrification resistance
a: no special abilities


You were on level 3 of the Dungeon.
You visited 1 branch of the dungeon, and saw 3 of its levels.

You collected 152 gold pieces.

Inventory:

Hand Weapons
 a - a +0 flail (weapon)
Armour
 b - a +0 scale mail (worn)
 c - a +0 buckler (worn)
 r - a +0 cloak (worn)
Jewellery
 h - a ring of resist corrosion (left hand)
 o - a ring of wizardry (right hand)
Scrolls
 e - 3 scrolls of identify {unknown}
 f - a scroll of teleportation {unknown}
 i - a scroll of poison {unknown}
 k - a scroll of magic mapping {unknown}
 l - a scroll of vulnerability {unknown}
 m - 2 scrolls of enchant armour {unknown}
 t - a scroll of amnesia {unknown}
Potions
 d - 2 potions of might
 g - 2 potions of flight {unknown}
 j - a potion of experience {unknown}
 n - a potion of brilliance {unknown}
 p - a potion of lignification {unknown}
 q - a potion of cancellation {unknown}
 s - a potion of curing {unknown}


   Skills:
 + Level 3.9 Fighting
 + Level 2.8 Maces & Flails
 + Level 3.9 Armour
 + Level 3.9 Shields


You had 3 spell levels left.
You didn't know any spells.
Your spell library contained the following spells:

 Spells                   Type           Power      Damage    Failure   Level
 Inner Flame              Hex/Fire       0%         N/A       82%         3
 Yara's Violent Unravell  Hex/Tmut       0%         3d3       100%        5
 Enfeeble                 Hex            0%         N/A       100%        7


Dungeon Overview and Level Annotations

Branches:
Dungeon (3/15)

Altars:
The Shining One

Annotations:
D:3 Ijyb


Innate Abilities, Weirdness & Mutations

You are immune to sickness and miasma.
Your stone body is resilient. (AC +3)
You are immune to poison.
You resist negative energy. (rN+)
You are resistant to electric shocks. (rElec)
You are resistant to unholy torment.
You are immune to petrification.


Message History

s - a brown potion
t - a scroll labelled AMNAUS YDAM You see here a +0 leather armour.
No target in view!
You now have 152 gold pieces (gained 14).
Found a stone staircase leading down.
No target in view!
You open the door.
Ijyb and a kobold come into view.
Ijyb is wielding a +0 club and carrying a wand of mindburst (15).
Ijyb zaps a wand.
Your mind is blasted!
Ouch! That really hurt!
There is an open door here.
You are too injured to fight recklessly!
You are too injured to fight recklessly!
You are too injured to fight recklessly!
You are too injured to fight recklessly!
You are too injured to fight recklessly!
You are too injured to fight recklessly!
You are too injured to fight recklessly!
You are too injured to fight recklessly!
The kobold attacks as you move away! The kobold hits you but does no damage.
You closely miss the kobold. You block the kobold's attack.
You barely miss the kobold. The kobold hits you but does no damage.
The kobold closely misses you.
You closely miss the kobold.
The kobold hits you with a +0 short sword.
Ijyb screams, "Level is mine!
All mine!"
You closely miss the kobold.
The kobold hits you with a +0 short sword.
You barely miss the kobold. The kobold barely misses you.
The kobold hits you but does no damage.
You closely miss the kobold.
The kobold hits you with a +0 short sword.
You hit the kobold.
You kill the kobold!
Ijyb zaps a wand.
Your mind is blasted!
* * * LOW HITPOINT WARNING * * *
Ijyb hits you with a +0 club.
You die...

#......# #.##.## ###
##.###.###.##.# #
#######.........##.#
#
#.......###.######+##
#.#####.# #.# #...#
#.###.# #.....
###..##.# #...... ##
#.......##.......
##...
#........@g......
.....
#.#...####.......
##... ......##
#...... ##.# ###.####
#..... # # #> #...# #
#+##


You could see Ijyb.

Vanquished Creatures
  2 adders
  An orc (D:3)
  7 endoplasms
  2 giant cockroaches (D:1)
  4 goblins
  3 hobgoblins
  6 jackals
  3 kobolds
  A quokka (D:3)
  4 ball pythons
  9 bats
  4 frilled lizards
  5 rats
51 creatures vanquished.

Vanquished Creatures (others)
  15 plants (D:2)
15 creatures vanquished.

Grand Total: 66 creatures vanquished

Notes
Turn   | Place    | Note
-------+----------+-------------------------------------------
     0 | D:1      | Dittersdorf the Gargoyle Fighter began the quest for the
                  | Orb.
     0 | D:1      | Reached XP level 1. HP: 14/14 MP: 1/1
   427 | D:1      | Reached XP level 2. HP: 12/19 MP: 2/2
   738 | D:2      | Reached XP level 3. HP: 18/23 MP: 3/3
   916 | D:2      | Found a glowing golden altar of the Shining One.
  1452 | D:2      | Found a faded altar of an unknown god.
  1629 | D:3      | Reached XP level 4. HP: 29/29 MP: 4/4
  1800 | D:3      | Noticed Ijyb
  1809 | D:3      | HP: 1/29 [disintegration (9)]
  1810 | D:3      | Slain by Ijyb

Illustrated notes

Levels and vault maps discovered:
D:1:      dpeg_arrival_simpleton_a, layout_basic, serial_corexii_hall,
          corexii_hall_statues_i, chequers_hall_statues_corner_a,
          glass_columns_a, grunt_decor_fettered
D:2:      layout_basic, dilly_ecumenical_altar_fadedgnrine, basic_altar
D:3:      layout_loops_corners, minmay_misc_feat_plants,
          wander_ebering_terrifying_dragon_lair, uniq_ijyb,
          uniq_crazy_yiuf_cottage

Action                     |  1- 3 |  4- 6 || total
---------------------------+-------+-------++-------
  Melee: Flail             |   162 |    23 ||   185
 Armour: Scale mail        |   131 |    10 ||   141
  Dodge: Dodged            |   129 |    13 ||   142
  Block: Buckler           |    58 |     2 ||    60

Table legend: (Time is in decaauts)
 A = Elapsed time spent in this place.
 B = Non-inter-level travel time spent in this place.
 C = Inter-level travel time spent in this place.
 D = Time resting spent in this place.
 E = Time spent auto-exploring this place.
 F = Levels seen in this place.
 G = Mean time per level.
                   A        B        C        D        E       F      G
               +--------+--------+--------+--------+--------+-----+--------+
         Total |   1865 |   1791 |     74 |      0 |   1362 |   3 |  621.7 |
       Dungeon |   1865 |   1791 |     74 |      0 |   1362 |   3 |  621.7 |
               +--------+--------+--------+--------+--------+-----+--------+

Top non-repeatable levels by time:
     D:2: 882 daAuts
     D:1: 651 daAuts
     D:3: 332 daAuts
